Map: Canyon of Tribulation

Players

PiPuxD

  • Race: Terran Terran
  • League: Gold
  • Spawn Location: 7:00

MattBarry

  • Race: Zerg Zerg
  • League: Gold
  • Spawn Location: 6:00

Alebay

  • Race: Protoss Protoss
  • Spawn Location: 6:00

tiburon

  • Race: Protoss Protoss
  • League: Diamond
  • Spawn Location: 3:00

Uzii

  • Race: Terran Terran
  • Spawn Location: 12:00

Ironmantis

  • Race: Protoss Protoss
  • Spawn Location: 12:00

VOD

Have the link to the VOD?

Description

Time

  • Played on: Jan. 28, 2023, 4 a.m.
  • Length: 13:22
Show
View Real Time Build Order
Export as new Build Order

PiPuxD Terran 

Build Orders: Reaper Expand 

Get SALT Encoding   

  12  0:00  SCV  
  13  0:12  SCV  
  14  0:18  Supply Depot  
  14  0:24  SCV  
  15  0:40  SCV  
  15  0:41  Barracks  
  16  0:46  Refinery  
  16  0:55  SCV  
  17  1:07  SCV  
  18  1:20  SCV  
  19  1:33  Reaper  
  20  1:41  Command Center  
  20  1:44  Orbital Command  
  20  1:58  Supply Depot  
  20  1:59  Refinery  
  20  2:11  SCV, Barracks Reactor  
  21  2:20  Barracks  
  21  2:23  SCV  
  22  2:40  SCV  
  23  2:52  SCV  
  23  2:53  Marine x2  
  23  2:57  Factory  
  23  2:58  Orbital Command  
  26  3:07  SCV  
  26  3:11  Barracks Tech Lab, Marine x2  
  29  3:17  Barracks  
  29  3:23  SCV  
  29  3:24  SCV  
  31  3:28  Marine  
  32  3:35  SCV, Combat Shield  
  32  3:36  SCV  
  34  3:43  Supply Depot  
  34  3:46  Supply Depot  
  34  3:48  SCV x2  
  34  3:52  Marine  
  34  3:53  Marine  
  34  3:54  Marine  
  39  3:57  Factory Reactor  
  39  4:01  SCV x2  
  41  4:06  Starport  
  41  4:13  SCV x2  
  41  4:16  Barracks Reactor  
  43  4:19  Barracks  
  43  4:23  Marine x2  
  45  4:24  Marine  
  45  4:27  SCV x2  
  48  4:31  Supply Depot  
  48  4:40  Marine  
  48  4:41  Marine  
  48  4:43  Marauder  
  52  4:48  Engineering Bay  
  52  4:51  Engineering Bay  
  52  4:53  SCV  
  52  4:54  SCV  
  52  4:59  Marine x2  
  56  5:00  Marine  
  57  5:08  Medivac x2  
  57  5:11  Factory Reactor, Barracks Tech Lab  
  57  5:13  Stimpack  
  61  5:26  Command Center  
  61  5:34  Marine x2  
  61  5:35  Marine x2  
  65  5:36  Marauder x2  
  69  5:44  Medivac x2  
  69  5:45  SCV x2  
  75  6:00  Marine x4  
  75  6:01  Marauder x2  
  75  6:03  Supply Depot  
  83  6:04  Supply Depot  
  83  6:17  Marine  
  84  6:23  Marauder  
  88  6:25  Marauder  
  77  7:02  Marine x4  
  77  7:04  Marauder x2  
  77  7:06  Terran Infantry Armor Level 1, Terran Infantry Weapons Level 1  
  80  7:10  Orbital Command  
  80  7:11  Armory  
  76  7:18  Refinery  
  76  7:19  SCV x2, Refinery  
  76  7:22  Marine x4  
  81  7:24  Marine  
  81  7:25  Marine, Medivac  
  86  7:31  SCV x2  
  88  7:39  SCV  
  88  7:41  Marine x4  
  88  7:42  Marine x2  
  88  7:43  SCV x2  
  88  7:44  Medivac  
  100  7:51  SCV  
  100  7:53  Widow Mine x2  
  100  7:55  SCV  
  105  8:03  Refinery  
  105  8:08  Terran Ship Weapons Level 1  
  105  8:10  Marine x4  
  105  8:12  Marauder x2  
  113  8:17  Supply Depot  
  113  8:19  Supply Depot x2  
  113  8:28  Marine x4  
  117  8:36  Refinery  
  117  8:39  Marauder x2, Medivac x2  
  125  8:43  Supply Depot, SCV x3  
  125  8:44  Supply Depot  
  128  8:48  Marine x3  
  131  9:00  SCV x3  
  131  9:01  Marine x3  
  137  9:06  Marine  
  128  9:12  SCV  
  129  9:19  Marine  
  129  9:20  Marine x2  
  129  9:21  Marauder x2  
  109  9:43  Marine x5  
  109  9:44  Marine  
  113  9:49  Medivac x2  
  115  9:57  Barracks  
  115  9:59  Barracks, Terran Infantry Armor Level 2, Terran Infantry Weapons Level 2  
  113  10:01  Barracks  
  113  10:02  Barracks, Marine x5  
  113  10:03  Marine  
  119  10:19  Medivac x2  
  97  10:52  Marine x4  
  97  10:53  Marine x2  
  97  10:54  Barracks Reactor x3  
  97  10:55  Barracks Reactor  
  101  10:59  Command Center  
  101  11:06  Viking x2  
  105  11:13  Marine x2  
  105  11:14  Marine x4  
  108  11:37  Marine x3  
  108  11:38  Marine x2  
  93  11:43  Marine  
  93  11:44  Marine x7  
  93  11:45  Marine  
  100  11:55  Marine  
  100  11:56  Widow Mine x2  
  100  11:57  Marine x3  
  100  11:58  Marine  
  109  12:01  Marine x3  
  109  12:02  Marine x6, Medivac x2  
  122  12:13  Marine  
  122  12:15  Marine  
  124  12:18  Marine x3  
  124  12:19  Marine x4  
  124  12:20  Marine  
  132  12:25  Marine x4  
  136  12:31  Marine  
  136  12:32  Medivac x2  
  136  12:33  Marine  
  136  12:35  Marine x2  
  136  12:36  Marine  
  140  12:43  Marine x2  
  140  12:44  Marine x5  
  117  12:51  Marine x2  
  114  12:53  Marine x3  
  109  13:01  Marine  
Show
View Real Time Build Order
Export as new Build Order

MattBarry Zerg 

Build Orders: Hatch First 

Get SALT Encoding   

  12  0:00  Drone  
  13  0:12  Overlord  
  13  0:18  Drone  
  14  0:33  Drone x2  
  16  0:39  Drone  
  17  0:56  Hatchery  
  16  1:01  Drone x2  
  18  1:11  Extractor  
  17  1:21  Spawning Pool  
  16  1:30  Drone x3  
  19  1:54  Drone  
  19  1:55  Drone  
  21  2:03  Overlord  
  21  2:11  Queen  
  21  2:13  Queen  
  21  2:15  Zergling x2, Drone  
  27  2:21  Zergling x2  
  27  2:22  Metabolic Boost  
  28  2:35  Zergling x2  
  28  2:36  Drone x2  
  31  3:03  Queen  
  33  3:07  Lair  
  33  3:10  Extractor, Drone x3  
  33  3:11  Drone, Overlord  
  33  3:12  Overlord  
  36  3:16  Evolution Chamber  
  35  3:33  Drone x7  
  43  3:41  Drone x3  
  45  3:49  Roach Warren  
  45  3:53  Drone x2  
  46  4:07  Zergling x6, Drone x2  
  51  4:31  Zerg Melee Weapons Level 1  
  51  4:33  Drone  
  51  4:36  Overlord x2  
  51  4:37  Overlord  
  52  4:43  Extractor  
  52  4:44  Extractor  
  52  4:45  Spore Crawler  
  49  4:46  Spore Crawler  
  49  4:48  Glial Reconstitution  
  48  5:06  Spire  
  47  5:10  Drone x2  
  47  5:11  Drone x7  
  47  5:12  Drone x2  
  58  5:29  Hatchery  
  57  5:48  Overlord  
  57  5:49  Overlord  
  57  6:21  Mutalisk  
  57  6:22  Mutalisk x5  
  57  6:24  Zergling x2  
  57  6:25  Zergling x16  
  77  6:35  Corruptor  
  77  6:46  Queen  
  78  6:47  Drone  
  78  6:48  Drone x6, Overlord  
  78  6:53  Corruptor  
  85  7:00  Hydralisk Den  
  82  7:33  Drone x5  
  80  7:44  Grooved Spines  
  80  7:45  Hydralisk Den  
  80  7:49  Corruptor x4  
  83  7:57  Corruptor  
  82  8:21  Drone x6  
  82  8:22  Drone x9  
  97  8:33  Overlord  
  97  8:34  Overlord  
  97  8:44  Queen, Extractor x2  
  97  8:47  Pneumatized Carapace  
  97  8:52  Muscular Augments  
  97  8:57  Hydralisk x8  
  113  9:22  Overlord x3  
  113  9:29  Queen, Hatchery  
  97  10:07  Hydralisk  
  97  10:08  Hydralisk x22  
  127  10:17  Evolution Chamber  
  124  10:29  Corruptor  
  124  10:30  Corruptor x2  
  130  10:38  Corruptor  
  124  10:54  Hydralisk  
  124  10:55  Hydralisk x5  
  94  11:04  Corruptor  
  94  11:11  Corruptor  
  92  11:25  Corruptor x2  
  92  11:26  Corruptor  
  90  11:44  Corruptor  
  90  11:45  Corruptor x2  
  88  11:52  Corruptor x9  
  106  12:02  Corruptor  
  106  12:07  Spore Crawler  
  107  12:08  Spore Crawler  
  107  12:12  Corruptor  
  107  12:13  Corruptor  
  73  12:39  Corruptor x3  
  73  12:53  Zergling x16  
Show
View Real Time Build Order
Export as new Build Order

Alebay Protoss 

Build Orders: 1 Gate Expand 

Get SALT Encoding   

  12  0:00  Probe  
  13  0:12  Probe  
  14  0:19  Pylon  
  14  0:25  Probe  
  15  0:37  Probe  
  15  0:38  Gateway  
  16  0:44  Assimilator  
  16  0:49  Probe  
  17  1:01  Probe  
  18  1:13  Probe  
  19  1:25  Cybernetics Core, Probe  
  20  1:37  Nexus  
  21  1:40  Probe  
  21  1:47  Assimilator  
  21  1:52  Probe  
  22  1:56  Pylon  
  22  1:58  Warp Gate (Chrono Boost)  
  22  2:06  Probe  
  23  2:14  Adept  
  25  2:18  Probe  
  26  2:28  Robotics Facility  
  26  2:31  Probe  
  27  2:37  Shield Battery  
  27  2:44  Probe  
  27  2:46  Stalker  
  27  2:49  Probe  
  31  2:57  Probe  
  32  3:01  Probe  
  33  3:10  Probe  
  34  3:13  Probe  
  34  3:15  Immortal  
  39  3:22  Probe  
  39  3:25  Stalker, Probe  
  43  3:34  Pylon  
  43  3:36  Pylon  
  43  3:38  Probe x2  
  45  3:50  Probe  
  45  3:52  Assimilator, Probe  
  45  3:54  Stalker  
  49  4:04  Gateway x2  
  49  4:05  Probe  
  49  4:06  Probe  
  51  4:17  Stalker  
  51  4:22  Probe x2  
  55  4:26  Assimilator  
  55  4:34  Probe x2  
  57  4:38  Pylon  
  57  4:41  Pylon  
  57  4:46  Stalker, Probe  
  57  4:48  Warp Prism  
  62  5:02  Pylon  
  62  5:03  Stalker x2  
  62  5:04  Pylon  
  62  5:06  Pylon  
  66  5:10  Twilight Council  
  66  5:12  Forge  
  66  5:33  Stalker x3  
  72  5:39  Immortal  
  76  5:56  Blink (Chrono Boost)  
  76  6:00  Nexus  
  76  6:03  Pylon  
  76  6:04  Stalker x2  
  78  6:05  Pylon  
  78  6:06  Protoss Ground Weapons Level 1 (Chrono Boost)  
  80  6:30  Forge  
  80  6:32  Pylon, Stalker x2  
  82  6:36  Stalker  
  86  6:42  Probe  
  87  7:04  Pylon, Stalker x3  
  87  7:05  Protoss Ground Armor Level 1 (Chrono Boost)  
  93  7:09  Pylon  
  93  7:15  Immortal  
  97  7:21  Probe x3  
  100  7:45  Protoss Ground Weapons Level 2 (Chrono Boost)  
  98  8:06  Stalker x2  
  98  8:07  Stalker  
  98  8:10  Probe x3  
  107  8:22  Gateway, Probe x3  
  107  8:23  Gateway  
  107  8:24  Pylon  
  107  8:25  Gateway  
  110  8:27  Gateway  
  110  8:28  Pylon  
  110  8:32  Pylon  
  111  8:34  Probe x3  
  113  8:55  Assimilator  
  113  8:59  Assimilator  
  113  9:03  Stalker x2  
  113  9:04  Stalker  
  119  9:11  Photon Cannon  
  119  9:14  Photon Cannon x2  
  119  9:15  Pylon  
  119  9:20  Protoss Ground Armor Level 2 (Chrono Boost)  
  119  9:43  Stargate  
  119  9:44  Stargate  
  119  9:45  Stargate  
  119  9:46  Stargate  
  119  9:54  Stalker x3  
  119  9:55  Stalker x2  
  103  10:40  Void Ray x2 (Chrono Boost)  
  98  10:42  Cybernetics Core  
  98  10:43  Gateway  
  46  11:36  Pylon  
  46  11:38  Pylon  
  44  11:52  Stalker x2  
  43  12:12  Photon Cannon  
  43  12:14  Photon Cannon  
  43  12:15  Photon Cannon  
  43  12:17  Photon Cannon x2  
  43  12:21  Gateway  
  43  12:23  Gateway  
  43  12:24  Gateway  
  43  12:28  Gateway  
  43  12:30  Gateway  
  39  12:42  Nexus  
  39  12:45  Pylon  
  39  12:46  Pylon  
  39  12:49  Pylon  
  39  12:57  Stalker  
  41  13:11  Gateway  
  41  13:13  Gateway  
  41  13:17  Gateway  
  41  13:19  Stalker x2  
  45  13:20  Stalker x2  
  45  13:21  Gateway  
Show
View Real Time Build Order
Export as new Build Order

tiburon Protoss 

Build Orders: Carriers 

Get SALT Encoding   

  12  0:01  Probe (Chrono Boost)  
  13  0:10  Probe (Chrono Boost)  
  14  0:15  Probe (Chrono Boost)  
  15  0:23  Pylon  
  15  0:43  Gateway  
  15  0:45  Assimilator  
  15  0:48  Probe  
  16  1:00  Probe  
  16  1:03  Assimilator  
  17  1:12  Probe  
  18  1:25  Probe  
  19  1:27  Pylon  
  19  1:33  Cybernetics Core  
  19  1:37  Probe  
  20  1:49  Probe  
  21  2:01  Probe  
  22  2:04  Nexus  
  22  2:16  Stargate  
  22  2:18  Pylon  
  22  2:44  Forge  
  22  3:01  Stargate, Probe  
  23  3:11  Shield Battery  
  23  3:12  Shield Battery  
  23  3:13  Probe  
  24  3:23  Shield Battery  
  24  3:25  Probe x2 (Chrono Boost)  
  26  3:36  Probe x2 (Chrono Boost)  
  26  3:41  Probe x2 (Chrono Boost)  
  30  3:51  Probe (Chrono Boost)  
  30  3:52  Fleet Beacon, Probe (Chrono Boost)  
  34  4:03  Probe (Chrono Boost)  
  34  4:04  Assimilator, Probe (Chrono Boost)  
  34  4:10  Probe x2 (Chrono Boost)  
  34  4:12  Pylon  
  34  4:15  Assimilator  
  36  4:17  Probe  
  36  4:18  Probe  
  38  4:29  Probe  
  38  4:30  Probe  
  40  4:41  Probe  
  40  4:42  Probe  
  42  4:53  Probe  
  42  4:54  Probe  
  44  5:04  Nexus  
  44  5:05  Stargate  
  44  5:06  Pylon  
  44  5:12  Photon Cannon  
  44  5:16  Photon Cannon  
  44  5:19  Pylon  
  44  5:22  Carrier (Chrono Boost)  
  50  5:41  Probe x2  
  52  5:45  Protoss Air Weapons Level 1  
  52  5:47  Carrier  
  58  5:53  Probe  
  58  5:54  Carrier  
  65  5:59  Probe  
  66  6:05  Probe  
  67  6:13  Cybernetics Core  
  67  6:20  Photon Cannon  
  67  7:15  Probe x3  
  70  7:17  Carrier x2  
  70  7:18  Carrier  
  88  7:27  Assimilator, Probe x3  
  91  7:31  Assimilator  
  91  7:34  Pylon  
  91  7:39  Probe x2  
  91  7:42  Protoss Shields Level 1  
  93  7:46  Protoss Air Armor Level 1 (Chrono Boost)  
  93  7:47  Twilight Council  
  93  7:49  Pylon  
  93  7:51  Pylon  
  93  7:52  Pylon, Probe x2  
  95  8:00  Probe  
  95  8:04  Probe x2  
  98  8:06  Protoss Air Weapons Level 2 (Chrono Boost)  
  98  8:12  Probe  
  98  8:16  Probe x2  
  101  8:21  Carrier  
  101  8:25  Probe  
  108  8:32  Carrier x2  
  120  8:44  Pylon  
  120  8:47  Pylon  
  120  8:51  Pylon  
  120  8:53  Pylon  
  119  9:32  Protoss Shields Level 2 (Chrono Boost)  
  119  9:34  Nexus  
  119  9:36  Pylon  
  119  9:38  Pylon  
  119  9:40  Pylon  
  119  9:41  Protoss Air Armor Level 2 (Chrono Boost)  
  119  9:54  Carrier x3  
  137  10:11  Protoss Air Weapons Level 3 (Chrono Boost)  
  137  10:58  Carrier (Chrono Boost)  
  137  10:59  Carrier (Chrono Boost)  
  149  11:07  Carrier (Chrono Boost)  
  143  11:59  Carrier x2 (Chrono Boost)  
  155  12:03  Carrier (Chrono Boost)  
Show
View Real Time Build Order
Export as new Build Order

Uzii Terran 

Build Orders:  

Get SALT Encoding   

  12  0:07  SCV  
  13  0:19  SCV  
  14  0:34  SCV  
  15  0:48  Supply Depot  
  15  0:51  Refinery  
  15  1:01  Supply Depot  
  15  1:15  Barracks  
  15  1:17  SCV  
  16  1:25  Barracks  
  16  1:35  SCV  
  17  1:43  Refinery  
  17  1:48  SCV  
  18  2:00  SCV  
  19  2:02  Reaper  
  20  2:12  Reaper  
  21  2:27  Command Center  
  20  2:56  Orbital Command  
  20  3:06  Factory  
  20  3:15  Barracks Reactor  
  20  3:22  SCV  
  21  3:30  Barracks Tech Lab  
  21  3:35  SCV  
  22  4:01  Supply Depot  
  22  4:02  Starport, Orbital Command  
  22  4:05  Siege Tank  
  25  4:11  SCV  
  25  4:13  Barracks Tech Lab  
  26  4:22  Marine x2  
  26  4:23  SCV  
  29  4:33  SCV, Engineering Bay  
  29  4:35  SCV  
  31  4:41  Starport Tech Lab  
  32  4:45  SCV  
  32  4:48  Refinery  
  32  4:51  Marine  
  33  5:03  SCV x2  
  35  5:14  Missile Turret  
  35  5:15  SCV x2  
  35  5:17  Missile Turret  
  37  5:25  Fusion Core  
  37  5:27  SCV  
  38  5:30  Stimpack  
  38  5:32  SCV  
  39  5:37  Supply Depot  
  39  5:42  SCV  
  40  5:44  SCV  
  40  5:49  Marine x3  
  44  5:55  SCV  
  45  5:58  Hi-Sec Auto Tracking  
  45  5:59  SCV  
  44  6:07  Siege Tank  
  47  6:11  Marine x3  
  47  6:14  Battlecruiser  
  56  6:21  Refinery  
  54  6:34  Marine x3  
  52  6:42  SCV  
  52  6:43  Missile Turret  
  52  6:46  Siege Tank  
  54  6:52  Marine x2  
  51  7:00  Marine  
  52  7:02  SCV x2  
  54  7:09  Marine  
  54  7:10  Marine  
  54  7:14  SCV x2  
  58  7:18  Marine  
  58  7:21  Hellion  
  61  7:24  Combat Shield  
  61  7:26  SCV  
  62  7:33  Supply Depot  
  62  7:51  Supply Depot x2  
  62  7:55  Marine x3, Liberator, SCV x2  
  64  8:10  Barracks  
  64  8:13  Marine x2  
  64  8:14  Starport  
  64  8:15  SCV  
  64  8:16  Armory, SCV  
  68  8:23  Marine  
  69  8:28  SCV x2  
  69  8:30  Marine  
  69  8:31  Terran Infantry Weapons Level 1  
  72  8:37  Missile Turret  
  72  8:40  SCV x2  
  76  8:41  Marauder  
  76  8:43  Medivac  
  78  8:52  Concussive Shells  
  78  8:54  Weapon Refit  
  80  9:03  Marauder  
  80  9:08  Barracks Reactor  
  80  9:11  Barracks  
  80  9:15  Terran Ship Weapons Level 1  
  80  9:21  Starport Tech Lab  
  80  9:22  Medivac  
  82  9:28  Marine  
  82  9:29  Marine x2  
  83  10:13  Marine x4  
  83  10:14  Marine x2  
  81  10:31  Marine x5  
  86  10:36  Barracks  
  86  10:43  Marine  
  86  10:45  Medivac  
  86  11:09  Supply Depot, Marine x3, Siege Tank, Medivac  
  94  11:14  Barracks Reactor  
  94  11:22  Command Center, Medivac  
  94  11:23  Armory  
  94  11:25  Command Center  
  96  11:27  Marine x2  
  96  11:28  Barracks Reactor  
  96  11:31  Marine x3  
  101  11:39  Medivac  
  103  11:52  Sensor Tower, Medivac  
  103  11:53  Engineering Bay  
  105  12:00  Marine  
  105  12:01  Marine x2, Factory  
  107  12:03  Factory  
  107  12:07  Rapid Reignition System  
  108  12:09  Medivac  
  110  12:18  Command Center  
  110  12:34  Medivac  
Show
View Real Time Build Order
Export as new Build Order

Ironmantis Protoss 

Build Orders: Carriers, Carrier Rush 

Get SALT Encoding   

  12  0:02  Probe  
  13  0:14  Probe  
  13  0:19  Pylon  
  14  0:26  Probe  
  15  0:40  Gateway  
  15  0:49  Assimilator  
  15  0:52  Probe (Chrono Boost)  
  16  1:03  Probe (Chrono Boost)  
  17  1:07  Probe (Chrono Boost)  
  17  1:10  Forge  
  18  1:18  Probe  
  18  1:23  Assimilator  
  19  1:30  Probe  
  20  1:40  Cybernetics Core  
  20  1:42  Probe  
  21  1:55  Probe  
  21  1:56  Pylon  
  22  2:07  Probe  
  23  2:19  Probe  
  24  2:23  Stargate  
  24  2:39  Nexus  
  24  2:44  Stalker (Chrono Boost)  
  26  3:05  Pylon  
  26  3:12  Pylon  
  30  3:13  Void Ray  
  30  3:29  Fleet Beacon  
  30  3:47  Assimilator  
  30  3:52  Probe (Chrono Boost)  
  30  3:53  Assimilator  
  32  4:03  Probe (Chrono Boost)  
  32  4:08  Probe (Chrono Boost)  
  33  4:18  Carrier, Probe  
  40  4:28  Probe  
  40  4:30  Probe  
  42  4:41  Probe  
  42  4:42  Probe  
  44  4:53  Probe  
  44  4:55  Probe  
  46  5:05  Nexus, Probe  
  46  5:07  Probe  
  48  5:17  Probe  
  48  5:18  Stargate  
  48  5:19  Probe  
  48  5:21  Pylon  
  50  5:28  Carrier  
  56  5:45  Probe (Chrono Boost)  
  57  5:55  Protoss Shields Level 1  
  57  5:56  Probe (Chrono Boost)  
  58  6:00  Probe (Chrono Boost)  
  59  6:05  Cybernetics Core  
  59  6:11  Probe  
  59  6:13  Protoss Air Weapons Level 1  
  60  6:23  Probe  
  61  6:32  Carrier  
  54  7:07  Probe x2 (Chrono Boost)  
  56  7:16  Carrier  
  56  7:18  Probe (Chrono Boost)  
  56  7:20  Probe (Chrono Boost)  
  61  7:23  Probe (Chrono Boost)  
  60  7:33  Probe  
  60  7:36  Carrier  
  67  7:46  Probe (Chrono Boost)  
  68  7:53  Probe (Chrono Boost)  
  69  8:04  Probe (Chrono Boost)  
  71  8:07  Probe (Chrono Boost)  
  72  8:13  Assimilator, Probe (Chrono Boost)  
  72  8:15  Probe (Chrono Boost)  
  72  8:17  Assimilator  
  74  8:20  Probe x2 (Chrono Boost)  
  75  8:30  Stargate  
  75  8:31  Probe x2  
  75  8:32  Protoss Air Armor Level 1  
  77  8:35  Protoss Air Weapons Level 2  
  77  8:36  Carrier  
  83  8:43  Probe (Chrono Boost)  
  85  8:55  Probe (Chrono Boost)  
  85  9:16  Pylon  
  85  9:18  Pylon  
  85  9:20  Pylon  
  85  9:23  Pylon  
  85  9:25  Pylon  
  85  9:28  Pylon  
  85  9:30  Pylon, Probe x2  
  83  9:33  Pylon  
  77  9:42  Probe x2  
  59  9:54  Probe x2  
  55  10:06  Probe x2  
  57  10:16  Carrier x3  
  57  10:18  Probe x2  
  77  10:30  Photon Cannon  
  77  10:32  Photon Cannon  
  77  10:33  Photon Cannon  
  77  10:42  Photon Cannon  
  77  10:53  Probe  
  78  11:06  Probe  
  79  11:18  Probe  
  80  11:27  Carrier (Chrono Boost)  
  80  11:28  Carrier x2 (Chrono Boost)  
  80  11:30  Probe  
  99  11:42  Probe  
  100  11:49  Cybernetics Core  
  100  11:57  Twilight Council  
  100  12:02  Pylon  
  100  12:07  Probe  
  101  12:19  Probe x2  
  103  12:31  Probe  
Tags
 
Add a new tag
Caveats
  • Supply blocks, unpowered buildings, or Contaminate may cause inaccurate times.
  • Supply counts are checked every 10 seconds.